 Dungeon Crawl Stone Soup version 0.29.0-4-gdea44cf6ec (webtiles) character file.

Game seed: 12812053013126732504

18802 qw the Severer (level 11, -6/99 HPs)
             Began as a Minotaur Fighter on Sept 6, 2022.
             Was an Elder of Ru.
             Mangled by a death yak (13 damage)
             ... on level 2 of the Lair of Beasts.
             The game lasted 00:04:34 (13809 turns).

qw the Severer (Minotaur Fighter)                  Turns: 13809, Time: 00:04:34

Health: -6/99      AC: 18    Str: 28    XL:     11   Next: 30%
Magic:  8/8        EV: 11    Int:  5    God:    Ru [****..]
Gold:   126        SH: 13    Dex: 18    Spells: 10/10 levels left

rFire   . . .      SeeInvis .   Y - +4 war axe
rCold   x . .      Faith    .   g - +0 kite shield
rNeg    . . .      Spirit   .   b - +2 plate armour
rPois   .          Reflect  .   (helmet restricted)
rElec   .          Harm     .   o - +1 cloak
rCorr   .          Rampage  .   (no gloves)
Will    .....                   (no boots)
Stlth   ..........              k - amulet "Baczunn" {Acrobat rC- Str+4 Dex+7}
HPRegen 0.26/turn               i - +2 ring of evasion
MPRegen 0.11/turn               (no ring)

@: about to teleport
A: horns 2, low MP 1, inability to use devices, inexperienced 1, retaliatory
headbutt
a: Renounce Religion, Draw Out Power, Power Leap


You were on level 2 of the Lair of Beasts.
You worshipped Ru.
Ru was greatly pleased with you.
You visited 3 branches of the dungeon, and saw 14 of its levels.
You also visited: Ossuary.

You collected 582 gold pieces.
You spent 456 gold pieces at shops.


Innate Abilities, Weirdness & Mutations

You have a pair of horns on your head.
Your magical capacity is low. (-10% MP)
You cannot study or use magical devices.
You are somewhat inexperienced. (-1 XL)
You reflexively headbutt those who attack you in melee.


   Skills:
 - Level 10.1 Fighting
 - Level 17.0 Axes
 - Level 2.0 Throwing
 - Level 9.0 Armour
 + Level 5.0 Dodging
 - Level 11.2 Shields


You had 10 spell levels left.
You didn't know any spells.
Your spell library was empty.

Inventory:

Hand Weapons
 e - a +0 morningstar
 Y - a +4 war axe (weapon)
Missiles
 m - 8 boomerangs (quivered)
Armour
 b - a +2 plate armour (worn)
 g - a +0 kite shield (worn)
 o - a +1 cloak (worn)
Jewellery
 i - a +2 ring of evasion (left hand)
 k - the amulet "Baczunn" (around neck) {Acrobat rC- Str+4 Dex+7}
   (You acquired it on level 7 of the Dungeon)

   [amulet of the acrobat]

   It increases your evasion while moving and waiting.
   Str:       It affects your strength (+4).
   Dex:       It affects your dexterity (+7).
   rC:        It makes you vulnerable to cold.
Scrolls
 a - 9 scrolls of identify
 l - 4 scrolls of teleportation
Potions
 d - 3 potions of might
 f - a potion of haste
 h - 3 potions of mutation
 j - 3 potions of heal wounds
 n - 4 potions of curing

Dungeon Overview and Level Annotations

Branches:
Dungeon (11/15)            Temple (1/1) D:6            Lair (2/5) D:9
 Shoals (0/4) Lair:2          Orc (0/2) D:9         Ossuary (visited)
  Snake: Lair:2-3    Spider: Lair:2-3

Altars:
Cheibriados
Dithmenos
Elyvilon
Fedhas
Gozag
Kikubaaqudgha
Makhleb
Nemelex Xobeh
Okawaru
Qazlal
Ru
Sif Muna
Trog
Uskayaw
Vehumet
Wu Jian
Xom
Yredelemnul
Zin
The Shining One

Shops:
D:2 [   D:4 =   D:5 *   D:10 *:

Annotations:
D:7 1 runed translucent door, Crazy Yiuf
D:8 4 runed translucent doors
Lair:1 2 transporters, qw's ghost, journeyman MiBe


Message History

You hit the death yak.
You headbutt the death yak, but do no damage.
The death yak is severely wounded.
You slash the death yak! You hit the death yak.
You hit the death yak but do no damage.
The death yak is severely wounded.
You hit the death yak. You hit the death yak but do no damage.
You redirect the death yak's attack!
The death yak gores itself!
You block the death yak's attack.
The death yak gores you but does no damage.
You hit the death yak.
The death yak is almost dead.
You slash the death yak! x2
You block the death yak's attack.
The death yak gores you but does no damage.
The death yak gores you!
You hit the death yak. You headbutt the death yak!
You kill the death yak!
You slash the death yak! You hit the death yak but do no damage.
The death yak completely misses you.
You slice the death yak!! You headbutt the death yak.
You kill the death yak!
You hit the death yak but do no damage.
Your Armour skill increases to level 9!
You slice the death yak!!
The death yak is severely wounded.
You hit the death yak.
You hear an angry hiss.
You hit the death yak.
The death yak is severely wounded.
You hit the death yak. The death yak gores you!!
The death yak gores you but does no damage.
A water moccasin comes into view.
13809 ||| READING 5 scrolls of teleportation.
As you read the scroll of teleportation, it crumbles to dust.
You feel strangely unstable.
The death yak is stunned by your conviction and fails to attack.
The death yak gores you!
You die...

.##....#..##.##..##..P# ..
.#...###...###....#...##..
..#...##..## #...!#..PP...
.#..)..#..#####..##.......
.##..P##..#.# #..#.......
.#...##....## #....[..###.
.##..###..## ##...........
.....###..## #.%YYS.....8.
.....P##...# ##%@##...#..#
.#...###...# #..# ...#
.##..# #..## ##..# ..Y..
.##..###..# #P..# .......
..~...~...# ##..# .......
..~#.~~~~## ##..# .......
.~##~#.~######...# .....Y.
.(.#~..~#.##.#...#
...~.>..~........#


You could see 2 death yaks and a water moccasin.

Vanquished Creatures
  Harold (D:9)
  A boulder beetle (D:10)
  2 centaur warriors (D:8)
  3 two-headed ogres
  3 death yaks (Lair:2)
  Pikel (D:7)
  2 black mambas (Lair:1)
  4 elephants (Lair:2)
  Joseph (D:8)
  A cane toad (Lair:1)
  4 komodo dragons
  Psyche (D:8)
  A kobold demonologist (D:9)
  A hornet (D:8)
  Sigmund (D:6)
  A steam dragon (D:6)
  A vampire (D:9)
  A wyvern (Lair:1)
  18 yaks
  3 basilisks
  2 wargs (D:9)
  Duvessa (D:7)
  5 water moccasins
  5 orc warriors
  2 black bears (D:5)
  2 sky beasts (D:8)
  An ogre (D:6)
  3 ice beasts (D:8)
  6 centaurs
  4 wolves (Lair:2)
  A phantom (D:7)
  3 kobold brigands
  2 bullfrogs (D:8)
  3 scorpions
  A necrophage (D:8)
  Dowan (D:7)
  A howler monkey (D:6)
  8 orc priests
  2 jellies
  4 hounds
  2 gnoll boudas
  An iguana (D:6)
  6 orc wizards
  Ijyb (D:4)
  A mummy (Ossuary)
  18 gnolls
  5 adders
  3 shadow imps
  A white imp (D:7)
  3 ufetubi
  A worm (D:3)
  5 dart slugs
  32 orcs
  3 spectral bats (Ossuary)
  8 bats
  7 endoplasms
  4 giant cockroaches
  12 gnoll zombies (Ossuary)
  10 goblins
  7 hobgoblins
  12 kobolds
  2 quokkas (D:1)
  2 ball pythons (D:4)
  A bat simulacrum (Ossuary)
  3 frilled lizards (D:3)
  2 goblin zombies (Ossuary)
  5 hobgoblin zombies (Ossuary)
  6 kobold simulacra (Ossuary)
  3 kobold zombies (Ossuary)
  8 orc zombies (Ossuary)
  4 rats
  A rat simulacrum (Ossuary)
  5 spectral goblins (Ossuary)
  A spectral rat (Ossuary)
293 creatures vanquished.

Vanquished Creatures (others)
  Maurice (D:8)
  An orc wizard (D:9)
  4 fungi
  A plant (D:6)
7 creatures vanquished.

Grand Total: 300 creatures vanquished

Notes
Turn   | Place    | Note
-------+----------+-------------------------------------------
     0 | D:1      | qw the Minotaur Fighter began the quest for the Orb.
     0 | D:1      | Reached XP level 1. HP: 19/19 MP: 0/0
     0 | D:1      | 0 ||| qw: Version: 0.1-a-108-g9e35731
     0 | D:1      | 0 ||| qw: Game counter: 6251
     0 | D:1      | 0 ||| qw: Always use a shield: true
     0 | D:1      | 0 ||| qw: God list: Ru
     0 | D:1      | 0 ||| qw: Allow faded altars: false
     0 | D:1      | 0 ||| qw: Do Orc after D:15 true
     0 | D:1      | 0 ||| qw: Do second Lair branch before Depths: true
     0 | D:1      | 0 ||| qw: Lair rune preference: random
     0 | D:1      | 0 ||| qw: Plans: Normal
     0 | D:1      | 0 ||| PLANNING D:1-11
    49 | D:1      | 49 ||| Stepping ~*~*~tactically~*~*~ (stealth).
    69 | D:1      | Reached skill level 3 in Axes
    80 | D:1      | Reached XP level 2. HP: 25/26 MP: 1/1
   248 | D:1      | 248 ||| Stepping ~*~*~tactically~*~*~ (hiding).
   250 | D:1      | 250 ||| Stepping ~*~*~tactically~*~*~ (hiding).
   256 | D:1      | Reached skill level 4 in Axes
   339 | D:1      | Reached XP level 3. HP: 26/31 MP: 2/2
   602 | D:1      | 602 ||| UPGRADING to +0 kite shield.
   612 | D:1      | 612 ||| DROPPING +0 buckler.
   613 | D:1      | 613 ||| DROPPING +1 leather armour of cold resistance.
   614 | D:1      | 614 ||| READING 2 scrolls labelled NOUTYRCHIUHE.
   615 | D:1      | 615 ||| READING scroll labelled PUKARI CIOQI.
   621 | D:2      | Found Bulybeon's Antique Armour Shop.
   623 | D:2      | 623 ||| Stepping ~*~*~tactically~*~*~ (hiding).
   628 | D:2      | 628 ||| Stepping ~*~*~tactically~*~*~ (hiding).
   675 | D:2      | 675 ||| SHOPLISTING shiny plate armour (598 gold, have 34).
   675 | D:2      | 675 ||| SHOPLISTING steaming plate armour (644 gold, have
                  | 34).
   838 | D:2      | Found a shimmering altar of Xom.
   946 | D:2      | Found a faded altar of an unknown god.
  1225 | D:2      | 1225 ||| READING scroll labelled SECARH GOSIAQ.
  1226 | D:2      | 1226 ||| READING 2 scrolls labelled HAIZXIUDUF.
  1227 | D:2      | 1227 ||| READING scroll labelled TOYQIT LI SIASHYTS.
  1228 | D:2      | 1228 ||| READING scroll labelled GUSMA ISMIN.
  1359 | D:2      | 1359 ||| READING scroll labelled CASCHI DITELLI.
  1360 | D:2      | 1360 ||| READING scroll labelled LYNNIS OGUWON.
  1361 | D:2      | 1361 ||| DRINKING 2 dark potions.
  1362 | D:2      | 1362 ||| DROPPING scroll of blinking.
  1363 | D:2      | 1363 ||| DROPPING potion of attraction.
  1368 | D:3      | 1368 ||| STAIRDANCE
  1373 | D:3      | 1373 ||| STAIRDANCE
  1392 | D:3      | 1392 ||| STAIRDANCE
  1506 | D:3      | Reached skill level 5 in Axes
  1675 | D:3      | Reached XP level 4. HP: 33/39 MP: 3/3
  1870 | D:3      | 1870 ||| READING scroll labelled KEMEFI KACWUORGH.
  1871 | D:3      | 1871 ||| DRINKING 2 orange potions.
  1872 | D:3      | 1872 ||| DROPPING potion of degeneration.
  1897 | D:4      | 1897 ||| Stepping ~*~*~tactically~*~*~ (hiding).
  1913 | D:4      | Reached skill level 1 in Dodging
  1919 | D:4      | 1919 ||| FLEEEEING.
  1922 | D:4      | 1922 ||| STAIRDANCE
  2106 | D:4      | 2106 ||| DROPPING +0 club.
  2247 | D:4      | Noticed a scorpion
  2255 | D:4      | Killed a scorpion
  2256 | D:4      | Reached skill level 6 in Axes
  2256 | D:4      | Reached XP level 5. HP: 30/45 MP: 4/4
  2410 | D:4      | Found an opulent altar of Gozag.
  2446 | D:4      | Found Lirgh's One-of-a-Kind Rings.
  2454 | D:4      | 2454 ||| SHOPLISTING +10 ring of strength (1001 gold, have
                  | 195).
  2454 | D:4      | 2454 ||| BUYING +2 ring of evasion (110 gold).
  2454 | D:4      | Bought a +2 ring of evasion for 110 gold pieces
  2454 | D:4      | 2454 ||| SHOPLISTING ring "Kocsy Vesm" {rPois rF+ rN+
                  | Str+4} (536 gold, have 85).
  2454 | D:4      | 2454 ||| SHOPLISTING ring "Yshogooll" {Contam rF+ rN++
                  | Dex+7} (567 gold, have 85).
  2454 | D:4      | 2454 ||| SHOPLISTING ring of the Fiend {rElec rF+ rC-
                  | Will+} (429 gold, have 85).
  2576 | D:4      | Noticed Ijyb
  2576 | D:4      | Paralysed by Ijyb for 4 turns
  2586 | D:4      | Reached XP level 6. HP: 22/51 MP: 5/5
  2587 | D:4      | Killed Ijyb
  2589 | D:4      | HP: 12/51 [poisoned by a scorpion]
  2594 | D:4      | HP: 8/51 [poisoned by a scorpion]
  3083 | D:4      | 3083 ||| UPGRADING to +0 chain mail.
  3093 | D:4      | 3093 ||| DROPPING +0 scale mail.
  3094 | D:4      | 3094 ||| UPGRADING to +2 ring of evasion.
  3095 | D:4      | 3095 ||| READING 4 scrolls of identify.
  3095 | D:4      | 3095 ||| IDENTIFYING grey potion
  3096 | D:4      | 3096 ||| READING 3 scrolls of identify.
  3096 | D:4      | 3096 ||| IDENTIFYING lumpy cyan potion
  3097 | D:4      | 3097 ||| DROPPING potion of brilliance.
  3100 | D:5      | Entered Level 5 of the Dungeon
  3123 | D:5      | 3123 ||| READING scroll of enchant weapon.
  3123 | D:5      | 3123 ||| ENCHANTING +1 war axe.
  3131 | D:5      | Reached skill level 7 in Axes
  3200 | D:5      | 3200 ||| Stepping ~*~*~tactically~*~*~ (stealth).
  3455 | D:5      | 3455 ||| Stepping ~*~*~tactically~*~*~ (hiding).
  3456 | D:5      | 3456 ||| Stepping ~*~*~tactically~*~*~ (hiding).
  3460 | D:5      | Reached XP level 7. HP: 60/60 MP: 6/6
  3489 | D:5      | 3489 ||| Stepping ~*~*~tactically~*~*~ (stealth).
  3507 | D:5      | 3507 ||| DROPPING +0 flail.
  3560 | D:5      | 3560 ||| Stepping ~*~*~tactically~*~*~ (hiding).
  3561 | D:5      | 3561 ||| Stepping ~*~*~tactically~*~*~ (hiding).
  3567 | D:5      | 3567 ||| Stepping ~*~*~tactically~*~*~ (hiding).
  3583 | D:5      | HP: 13/60 [gnoll/+0 halberd (10)]
  3584 | D:5      | 3584 ||| READING 4 scrolls of teleportation.
  3585 | D:5      | 3585 ||| DRINKING 2 potions of heal wounds.
  3588 | D:5      | Reached skill level 8 in Axes
  3872 | D:5      | 3872 ||| Stepping ~*~*~tactically~*~*~ (hiding).
  3961 | D:5      | Reached skill level 6 in Shields
  4086 | D:5      | Found an iron altar of Okawaru.
  4320 | D:5      | 4320 ||| Stepping ~*~*~tactically~*~*~ (hiding).
  4561 | D:5      | Found Noerril's Assorted Antiques.
  4566 | D:5      | 4566 ||| BUYING green potion (20 gold).
  4566 | D:5      | Bought a green potion for 20 gold pieces
  4566 | D:5      | 4566 ||| SHOPLISTING potion of mutation (184 gold, have
                  | 108).
  4566 | D:5      | 4566 ||| BUYING scroll labelled CYEPLU WUALEORCH (23 gold).
  4566 | D:5      | Bought a scroll labelled CYEPLU WUALEORCH for 23 gold
                  | pieces
  4566 | D:5      | 4566 ||| SHOPLISTING scroll of enchant armour (172 gold,
                  | have 85).
  4566 | D:5      | 4566 ||| BUYING scroll of identify (46 gold).
  4566 | D:5      | Bought a scroll of identify for 46 gold pieces
  4566 | D:5      | 4566 ||| READING scroll labelled SESTROM SAEGOTE.
  4567 | D:5      | 4567 ||| READING scroll labelled CYEPLU WUALEORCH.
  4568 | D:5      | 4568 ||| DRINKING 2 fuming pink potions.
  4569 | D:5      | 4569 ||| READING 4 scrolls of identify.
  4569 | D:5      | 4569 ||| IDENTIFYING green potion
  4570 | D:5      | 4570 ||| DROPPING potion of flight.
  4697 | D:6      | Noticed Sigmund
  4698 | D:6      | 4698 ||| Stepping ~*~*~tactically~*~*~ (hiding).
  4708 | D:6      | Killed Sigmund
  4709 | D:6      | Reached skill level 9 in Axes
  4711 | D:6      | Reached XP level 8. HP: 52/67 MP: 7/7
  4951 | D:6      | 4951 ||| Stepping ~*~*~tactically~*~*~ (hiding).
  5001 | D:6      | 5001 ||| Stepping ~*~*~tactically~*~*~ (hiding).
  5003 | D:6      | 5003 ||| Stepping ~*~*~tactically~*~*~ (hiding).
  5013 | D:6      | 5013 ||| Stepping ~*~*~tactically~*~*~ (cloud).
  5082 | D:6      | 5082 ||| READING scroll of enchant weapon.
  5082 | D:6      | 5082 ||| ENCHANTING +2 war axe.
  5295 | D:6      | Found a staircase to the Ecumenical Temple.
  5297 | D:6      | 5297 ||| PLANNING TEMPLE
  5297 | D:6      | 5297 ||| UPGRADING to +0 plate armour.
  5307 | D:6      | 5307 ||| DROPPING +0 chain mail.
  5308 | D:6      | 5308 ||| READING scroll of enchant armour.
  5308 | D:6      | 5308 ||| ENCHANTING +0 plate armour.
  5318 | Temple   | Entered the Ecumenical Temple
  5414 | Temple   | Became a worshipper of Ru the Awakened
  5452 | Temple   | 5452 ||| PLANNING D:1-11
  5793 | D:7      | 5793 ||| PLANNING OSSUARY
  5814 | D:7      | Found a sand-covered staircase.
  5815 | D:7      | 5815 ||| READING 5 scrolls of identify.
  5815 | D:7      | 5815 ||| IDENTIFYING viscous clear potion
  5816 | D:7      | 5816 ||| DROPPING potion of invisibility.
  5831 | Ossuary  | Entered an ossuary
  5837 | Ossuary  | 5837 ||| Stepping ~*~*~tactically~*~*~ (stealth).
  5838 | Ossuary  | 5838 ||| Stepping ~*~*~tactically~*~*~ (stealth).
  5861 | Ossuary  | 5861 ||| Stepping ~*~*~tactically~*~*~ (stealth).
  5897 | Ossuary  | Reached skill level 10 in Axes
  5982 | Ossuary  | 5982 ||| READING scroll of enchant armour.
  5982 | Ossuary  | 5982 ||| ENCHANTING +1 plate armour.
  6027 | Ossuary  | Reached skill level 1 in Throwing
  6231 | Ossuary  | 6231 ||| DRINKING 2 blue potions.
  6256 | D:7      | 6256 ||| PLANNING D:1-11
  6268 | D:7      | Noticed Pikel
  6270 | D:7      | 6270 ||| Stepping ~*~*~tactically~*~*~ (stealth).
  6272 | D:7      | 6272 ||| Stepping ~*~*~tactically~*~*~ (stealth).
  6274 | D:7      | 6274 ||| Stepping ~*~*~tactically~*~*~ (stealth).
  6276 | D:7      | 6276 ||| Stepping ~*~*~tactically~*~*~ (stealth).
  6288 | D:7      | Killed Pikel
  6289 | D:7      | Reached XP level 9. HP: 53/80 MP: 8/8
  6434 | D:7      | 6434 ||| INVOKING Sacrifice Experience.
  6434 | D:7      | Gained mutation: You are somewhat inexperienced. (-1 XL)
                  | [Ru sacrifice]
  6434 | D:7      | Reached XP level 8. HP: 74/74 MP: 7/7
  6434 | D:7      | Reached * piety under Ru
  6518 | D:7      | Found a runed translucent door.
  6519 | D:7      | Noticed Crazy Yiuf
  6587 | D:7      | 6587 ||| Stepping ~*~*~tactically~*~*~ (stealth).
  6589 | D:7      | 6589 ||| Stepping ~*~*~tactically~*~*~ (stealth).
  6590 | D:7      | 6590 ||| Stepping ~*~*~tactically~*~*~ (stealth).
  6591 | D:7      | 6591 ||| Stepping ~*~*~tactically~*~*~ (stealth).
  6775 | D:7      | 6775 ||| Stepping ~*~*~tactically~*~*~ (stealth).
  6777 | D:7      | 6777 ||| Stepping ~*~*~tactically~*~*~ (stealth).
  6779 | D:7      | 6779 ||| Stepping ~*~*~tactically~*~*~ (stealth).
  6781 | D:7      | 6781 ||| Stepping ~*~*~tactically~*~*~ (stealth).
  6807 | D:7      | 6807 ||| FLEEEEING.
  6808 | D:7      | 6808 ||| FLEEEEING.
  6809 | D:7      | 6809 ||| FLEEEEING.
  6810 | D:7      | 6810 ||| FLEEEEING.
  6811 | D:7      | 6811 ||| FLEEEEING.
  6812 | D:7      | 6812 ||| FLEEEEING.
  6813 | D:7      | 6813 ||| FLEEEEING.
  6823 | D:7      | 6823 ||| STAIRDANCE
  6866 | D:6      | 6866 ||| DROPPING amulet of faith.
  6867 | D:6      | 6867 ||| DRINKING 2 lumpy amethyst potions.
  6972 | D:6      | 6972 ||| DROPPING potion of berserk rage.
  7152 | D:7      | Noticed Duvessa
  7152 | D:7      | Noticed Dowan
  7153 | D:7      | 7153 ||| Stepping ~*~*~tactically~*~*~ (stealth).
  7155 | D:7      | 7155 ||| Stepping ~*~*~tactically~*~*~ (hiding).
  7156 | D:7      | 7156 ||| Stepping ~*~*~tactically~*~*~ (hiding).
  7162 | D:7      | Killed Duvessa
  7172 | D:7      | Killed Dowan
  7173 | D:7      | Reached skill level 11 in Axes
  7197 | D:7      | 7197 ||| Stepping ~*~*~tactically~*~*~ (hiding).
  7374 | D:7      | 7374 ||| READING 7 scrolls of identify.
  7374 | D:7      | 7374 ||| IDENTIFYING fuming inky potion
  7408 | D:7      | 7408 ||| READING scroll labelled WAOBO GICOM.
  7408 | D:7      | Identified a scroll of acquirement
  7408 | D:7      | 7408 ||| ACQUIRING amulet "Baczunn" {Acrobat rC- Str+4
                  | Dex+7}
  7408 | D:7      | Acquired the amulet "Baczunn" {Acrobat rC- Str+4 Dex+7}
  7410 | D:7      | 7410 ||| UPGRADING to amulet "Baczunn" {Acrobat rC- Str+4
                  | Dex+7}.
  7482 | D:8      | Reached skill level 3 in Dodging
  7504 | D:8      | Found a large runed translucent door.
  7504 | D:8      | Found a large runed translucent door.
  7509 | D:8      | Noticed a boulder beetle
  7518 | D:8      | Found a large runed translucent door.
  7518 | D:8      | Found a large runed translucent door.
  7540 | D:8      | Noticed Psyche
  7548 | D:8      | Killed Psyche
  7709 | D:8      | Noticed Maurice
  7714 | D:8      | Reached skill level 12 in Axes
  7728 | D:8      | Killed Maurice
  7865 | D:8      | Noticed a two-headed ogre
  7873 | D:8      | Killed a two-headed ogre
  7874 | D:8      | Reached skill level 9 in Shields
  7874 | D:8      | Reached XP level 9. HP: 54/80 MP: 8/8
  8271 | D:8      | 8271 ||| Stepping ~*~*~tactically~*~*~ (stealth).
  8313 | D:8      | 8313 ||| Stepping ~*~*~tactically~*~*~ (hiding).
  8358 | D:8      | Noticed Joseph
  8359 | D:8      | 8359 ||| Stepping ~*~*~tactically~*~*~ (hiding).
  8364 | D:8      | 8364 ||| Stepping ~*~*~tactically~*~*~ (stealth).
  8366 | D:8      | 8366 ||| Stepping ~*~*~tactically~*~*~ (stealth).
  8376 | D:8      | Killed Joseph
  8521 | D:8      | Noticed a centaur warrior
  8522 | D:8      | 8522 ||| Stepping ~*~*~tactically~*~*~ (hiding).
  8529 | D:8      | Reached skill level 13 in Axes
  8535 | D:8      | Killed a centaur warrior
  8890 | D:8      | Paralysed by a hornet for 2 turns
  8894 | D:8      | Reached skill level 6 in Armour
  8939 | D:8      | Noticed a centaur warrior
  8950 | D:8      | HP: 15/81 [something (8)]
  8951 | D:8      | Killed a centaur warrior
  9664 | D:8      | 9664 ||| UPGRADING to +1 cloak.
  9669 | D:8      | 9669 ||| READING scroll labelled GESIUGYNLA.
  9670 | D:8      | 9670 ||| READING 6 scrolls of identify.
  9670 | D:8      | 9670 ||| IDENTIFYING smoky emerald potion
  9671 | D:8      | 9671 ||| DROPPING potion of lignification.
  9707 | D:9      | Found a staircase to the Orcish Mines.
  9739 | D:9      | Noticed Harold
  9740 | D:9      | 9740 ||| Stepping ~*~*~tactically~*~*~ (hiding).
  9755 | D:9      | Killed Harold
  9756 | D:9      | Reached skill level 14 in Axes
  9810 | D:9      | 9810 ||| INVOKING Sacrifice Artifice.
  9810 | D:9      | Gained mutation: You cannot study or use magical devices.
                  | [Ru sacrifice]
  9810 | D:9      | Reached ** piety under Ru
  9810 | D:9      | Reached *** piety under Ru
  9881 | D:9      | Noticed a sun demon
  9975 | D:9      | 9975 ||| Stepping ~*~*~tactically~*~*~ (stealth).
  9977 | D:9      | 9977 ||| Stepping ~*~*~tactically~*~*~ (stealth).
  9990 | D:9      | Reached XP level 10. HP: 73/88 MP: 9/9
 10105 | D:9      | 10105 ||| FLEEEEING.
 10106 | D:9      | 10106 ||| FLEEEEING.
 10107 | D:9      | 10107 ||| FLEEEEING.
 10108 | D:9      | 10108 ||| FLEEEEING.
 10109 | D:9      | 10109 ||| FLEEEEING.
 10110 | D:9      | 10110 ||| FLEEEEING.
 10111 | D:9      | 10111 ||| FLEEEEING.
 10112 | D:9      | 10112 ||| FLEEEEING.
 10113 | D:9      | 10113 ||| FLEEEEING.
 10114 | D:9      | 10114 ||| FLEEEEING.
 10115 | D:9      | 10115 ||| FLEEEEING.
 10116 | D:9      | 10116 ||| FLEEEEING.
 10117 | D:9      | 10117 ||| FLEEEEING.
 10336 | D:9      | 10336 ||| Stepping ~*~*~tactically~*~*~ (hiding).
 10339 | D:9      | 10339 ||| Stepping ~*~*~tactically~*~*~ (hiding).
 10494 | D:9      | 10494 ||| Stepping ~*~*~tactically~*~*~ (hiding).
 10512 | D:9      | 10512 ||| Stepping ~*~*~tactically~*~*~ (stealth).
 10572 | D:9      | 10572 ||| Stepping ~*~*~tactically~*~*~ (hiding).
 10760 | D:9      | Found a staircase to the Lair.
 10833 | D:9      | 10833 ||| Stepping ~*~*~tactically~*~*~ (stealth).
 10867 | D:9      | Reached skill level 15 in Axes
 10981 | D:9      | 10981 ||| Stepping ~*~*~tactically~*~*~ (hiding).
 11099 | D:9      | You fall into a shaft and drop 2 floors!
 11111 | D:11     | Noticed a two-headed ogre
 11120 | D:11     | Killed a two-headed ogre
 11175 | D:10     | Entered Level 10 of the Dungeon
 11196 | D:10     | 11196 ||| READING scroll of enchant weapon.
 11196 | D:10     | 11196 ||| ENCHANTING +3 war axe.
 11203 | D:10     | Found a shimmering blue altar of Sif Muna.
 11219 | D:10     | Reached skill level 9 in Fighting
 11231 | D:10     | Found Obleciusm's Book Emporium.
 11262 | D:10     | Noticed a boulder beetle
 11281 | D:10     | Killed a boulder beetle
 11325 | D:10     | Noticed a two-headed ogre
 11334 | D:10     | Killed a two-headed ogre
 11336 | D:10     | 11336 ||| Stepping ~*~*~tactically~*~*~ (hiding).
 11339 | D:10     | 11339 ||| Stepping ~*~*~tactically~*~*~ (hiding).
 11482 | D:10     | Found Xocatoosa's Assorted Antiques.
 11584 | D:10     | 11584 ||| Stepping ~*~*~tactically~*~*~ (stealth).
 11624 | D:10     | 11624 ||| BUYING fizzy white potion (23 gold).
 11624 | D:10     | Bought a fizzy white potion for 23 gold pieces
 11624 | D:10     | 11624 ||| BUYING scroll of identify (52 gold).
 11624 | D:10     | Bought a scroll of identify for 52 gold pieces
 11624 | D:10     | 11624 ||| BUYING scroll of identify (52 gold).
 11624 | D:10     | Bought a scroll of identify for 52 gold pieces
 11624 | D:10     | 11624 ||| BUYING small pearl amulet (130 gold).
 11624 | D:10     | Bought a small pearl amulet for 130 gold pieces
 11663 | D:10     | 11663 ||| DROPPING amulet of magic regeneration.
 11664 | D:10     | 11664 ||| READING 8 scrolls of identify.
 11664 | D:10     | 11664 ||| IDENTIFYING fizzy white potion
 11665 | D:10     | 11665 ||| DROPPING potion of ambrosia.
 11900 | D:9      | 11900 ||| PLANNING LAIR
 11935 | Lair:1   | Entered Level 1 of the Lair of Beasts
 11954 | Lair:1   | 11954 ||| INVOKING Sacrifice Essence.
 11954 | Lair:1   | Gained mutation: Your magical capacity is low. (-10% MP)
                  | [Ru sacrifice]
 11954 | Lair:1   | Reached **** piety under Ru
 12012 | Lair:1   | Reached skill level 16 in Axes
 12013 | Lair:1   | 12013 ||| DRINKING potion of cancellation.
 12116 | Lair:1   | Noticed a spriggan rider
 12118 | Lair:1   | Noticed qw's ghost (journeyman MiBe)
 12120 | Lair:1   | 12120 ||| Stepping ~*~*~tactically~*~*~ (stealth).
 12121 | Lair:1   | 12121 ||| Stepping ~*~*~tactically~*~*~ (stealth).
 12330 | Lair:1   | HP: 20/91 [poisoned by a black mamba]
 12335 | Lair:1   | HP: 9/91 [poisoned by a black mamba]
 12340 | Lair:1   | HP: 6/91 [poisoned by a black mamba]
 12722 | Lair:1   | Found a transporter.
 12722 | Lair:1   | Found a transporter.
 12772 | Lair:1   | 12772 ||| Stepping ~*~*~tactically~*~*~ (hiding).
 13010 | Lair:1   | Found an opulent altar of Gozag.
 13090 | Lair:1   | Found a bloodstained altar of Trog.
 13207 | Lair:1   | 13207 ||| READING scroll labelled GAJUIKKE QOINI.
 13232 | Lair:2   | Identified the +5 falchion of Pyurewoh {vamp, Str+3 Int+6}
 13258 | Lair:2   | Reached skill level 17 in Axes
 13342 | Lair:2   | Reached XP level 11. HP: 90/97 MP: 8/8
 13681 | Lair:2   | Found a staircase to the Shoals.
 13685 | Lair:2   | 13685 ||| Stepping ~*~*~tactically~*~*~ (hiding).
 13785 | Lair:2   | Noticed a death yak
 13786 | Lair:2   | Noticed a death yak
 13786 | Lair:2   | Noticed a death yak
 13788 | Lair:2   | Noticed a death yak
 13789 | Lair:2   | 13789 ||| Stepping ~*~*~tactically~*~*~ (stealth).
 13795 | Lair:2   | 13795 ||| Stepping ~*~*~tactically~*~*~ (stealth).
 13800 | Lair:2   | Noticed a death yak
 13801 | Lair:2   | Killed a death yak
 13805 | Lair:2   | Killed a death yak
 13806 | Lair:2   | Killed a death yak
 13807 | Lair:2   | Reached skill level 9 in Armour
 13808 | Lair:2   | HP: 7/99 [death yak (21)]
 13809 | Lair:2   | 13809 ||| READING 5 scrolls of teleportation.
 13809 | Lair:2   | Mangled by a death yak

Levels and vault maps discovered:
D:1:      eino_arrival_cavern_d, layout_rooms, st_stairs_8
D:2:      layout_basic, basic_altar, hellmonk_ecumenical_altar_lost_god,
          serial_shops, shop, st_stairs_7, minmay_misc_feat_doors
D:3:      layout_rooms, st_stairs_9, kennysheep_cluttered_room
D:4:      layout_loops_ring, nicolae_gozag_seed_capital,
          nicolae_shop_unique_rings, uniq_ijyb
D:5:      layout_loops_cross, okawaru_gym_becter, serial_shops, shop
D:6:      layout_cave_pools, minmay_temple_entry_grid, serial_bayou_ford_a,
          minivault_5, uniq_sigmund
D:7:      layout_basic, nicolae_ossuary_entry_monument, enter_bailey_5,
          uniq_crazy_yiuf_cottage, uniq_duvessa, uniq_pikel
D:8:      layout_layer_cave, minmay_hollow_rounded_squares, uniq_psyche,
          uniq_joseph, uniq_maurice
D:9:      layout_grid_maze, erik_lair_orcish_takeover, orc_0_dummy, uniq_harold
D:10:     layout_small_grid, mainiacjoe_overflow_six_doors_small,
          nicolae_sif_muna_condensation, serial_shops, shop, shop,
          kennysheep_little_box, nicolae_shop_stone, uniq_nergalle
D:11:     layout_rooms, nicolae_dithmenos_through_a_glass_darkly,
          uniq_josephine, uniq_gastronok
Temple:   eino_narrow_crystal_temple
Lair:1:   layout_regular_city, serial_rivers, chequers_serial_rivers_small_a,
          chequers_serial_rivers_room_a, chequers_serial_rivers_room_b,
          chequers_serial_rivers_micro_e, basic_altar,
          gammafunk_ghost_wrathful_warriors
Lair:2:   layout_long_grid, elwin_shoals_entry_rocks,
          hellmonk_spider_entry_life_and_decay, st_stairs_6, grunt_megastairs_4,
          infiniplex_staircase_pool_2, serial_bayou_shore_a, lemuel_fruit_tree

Skill      XL: |  1  2  3  4  5  6  7  8  9 10 11 |
---------------+----------------------------------+-----
Axes           | 3 4 5 6 7 9 12 14 17 | 17.0
Shields        | 4 5 6 9 10 11 | 11.2
Dodging        | 1 3 5 |  5.0
Fighting       | 4 7 8 9 10 | 10.1
Armour         | 5 7 8 9 |  9.0
Throwing       | 1 2 |  2.0

Action                   |  1- 3 |  4- 6 |  7- 9 | 10-12 || total
-------------------------+-------+-------+-------+-------++-------
Melee: War axe           |    80 |    67 |   377 |   271 ||   795
       Headbutt          |    13 |     8 |    68 |    52 ||   141
Throw: Boomerang         |    17 |    24 |    72 |    63 ||   176
Invok: Sacrifice Experie |       |       |     1 |       ||     1
       Sacrifice Artific |       |       |     1 |       ||     1
       Sacrifice Essence |       |       |       |     1 ||     1
  Use: Scroll            |     8 |     4 |    12 |     4 ||    28
       Potion            |     1 |     1 |     4 |     1 ||     7
 Stab: Invisible         |       |       |       |     3 ||     3
Armor: Scale mail        |    36 |    13 |       |       ||    49
       Chain mail        |       |    18 |    42 |       ||    60
       Plate armour      |       |       |    83 |    67 ||   150
Dodge: Dodged            |    34 |    14 |   123 |    55 ||   226
Block: Buckler           |     9 |       |       |       ||     9
       Kite shield       |    13 |    32 |   161 |   104 ||   310

Table legend:
 A = Non-vault XP
 B = Vault XP
 C = Vault XP percentage of total XP
 D = Non-vault monster count
 E = Vault monster count
 F = Vault count percentage of total count
                 A         B        C        D         E       F
            +---------+---------+-------+---------+---------+-------
      Total |   20541 |    6319 |  23.5 |     210 |      85 |  28.8
            +---------+---------+-------+---------+---------+-------
        D:1 |      41 |       5 |  10.9 |      21 |       2 |   8.7
        D:2 |      16 |       5 |  23.8 |       8 |       3 |  27.3
        D:3 |      32 |       3 |   8.6 |      11 |       1 |   8.3
        D:4 |     353 |      33 |   8.5 |      14 |       1 |   6.7
        D:5 |     677 |       0 |   0.0 |      27 |       0 |   0.0
        D:6 |     643 |     226 |  26.0 |      18 |       1 |   5.3
        D:7 |     763 |     850 |  52.7 |      14 |       7 |  33.3
        D:8 |    1978 |    3680 |  65.0 |      19 |      11 |  36.7
        D:9 |    2382 |    1294 |  35.2 |      33 |      10 |  23.3
       D:10 |    2510 |       0 |   0.0 |      11 |       0 |   0.0
       D:11 |     824 |       0 |   0.0 |       1 |       0 |   0.0
     Lair:1 |    4617 |       0 |   0.0 |      19 |       0 |   0.0
     Lair:2 |    5705 |     147 |   2.5 |      14 |       1 |   6.7
    Ossuary |       0 |      76 | 100.0 |       0 |      48 | 100.0
            +---------+---------+-------+---------+---------+-------
